 Dungeon Crawl Stone Soup version 0.26-a0-466-g989023bd0d (webtiles) character file.

Game seed: 2782925524252412354

78 Ishchenko the Slasher (level 4, 0/36 HPs)
             Began as a Human Berserker on July 29, 2020.
             Was a Follower of Trog.
             Slain by a worm (6 damage)
             ... on level 2 of the Dungeon.
             The game lasted 00:02:52 (1227 turns).

Ishchenko the Slasher (Human Berserker)             Turns: 1227, Time: 00:02:53

Health: 0/36       AC:  6    Str: 18    XL:     4   Next: 61%
Magic:  4/4        EV: 10    Int:  8    God:    Trog [*.....]
Gold:   45         SH:  5    Dex: 12    Spells: 3/3 levels left

rFire    . . .     SeeInvis .   a - +0 falchion
rCold    . . .     Faith    .   (no shield)
rNeg     . . .     Spirit   .   f - +0 scale mail (curse)
rPois    .         Reflect  +   (no helmet)
rElec    .         Harm     .   (no cloak)
rCorr    .                      (no gloves)
MR       .....                  (no boots)
Stlth    ..........             c - amulet of reflection
HPRegen  0.12/turn              (no ring)
MPRegen  0.09/turn              (no ring)

@: no status effects
A: no striking features
a: Berserk, Renounce Religion


You were on level 2 of the Dungeon.
You worshipped Trog.
Trog was aware of your devotion.
You visited 1 branch of the dungeon, and saw 2 of its levels.

You collected 45 gold pieces.

Inventory:

Hand Weapons
 a - a +0 falchion (weapon)
Armour
 f - a cursed +0 scale mail (worn)
Jewellery
 c - an amulet of reflection (around neck)
Scrolls
 b - a scroll of amnesia {unknown}
 d - 2 scrolls of fear
 g - a scroll of identify {unknown}
 h - a scroll of enchant armour {unknown}
Potions
 e - a potion of curing {unknown}


   Skills:
 + Level 3.6 Fighting
 + Level 4.2 Long Blades
 + Level 2.2 Armour
 + Level 2.4 Dodging


You had 3 spell levels left.
You didn't know any spells.
Your spell library was empty.

Dungeon Overview and Level Annotations

Branches:
Dungeon (2/15)

Altars:
Trog


Message History

You hit the worm.
The worm is lightly wounded.
The worm bites you! The worm closely misses you.
You hit the worm.
The worm is moderately wounded.
The worm bites you. x2
* * * LOW HITPOINT WARNING * * *
You are too injured to fight recklessly!
You are too injured to fight recklessly!
You are too injured to fight recklessly!
You are too injured to fight recklessly!
You are too injured to fight recklessly!
You are too injured to fight recklessly!
You are too injured to fight recklessly!
You barely miss the worm.
The worm is moderately wounded.
The worm bites you.
* * * LOW HITPOINT WARNING * * *
The worm bites you.
You die...

......####...#
##......^...
......# #.#####
##########.
......#
####)..### #.
......#
##.).....## #.
......#
#.).._...)# ##
......#
##.........##
......#
#....###....#
......#
#...##y##w..#
......#
#....###@...#
##.####
#......w....#
#.##
##.........##
#..# ##....[..##
##.#### ####'####
#.##.# #.##
#.##.### #.>#
#.##...#####..##
#.##.#....###..##
..


You could see a moth of wrath and 2 worms.

Vanquished Creatures
  A jelly (D:2)
  Jessica (D:2)
  2 leopard geckos (D:1)
  A giant cockroach (D:1)
  4 goblins (D:1)
  A hobgoblin (D:1)
  5 bats (D:1)
  2 frilled lizards (D:1)
  6 rats
23 creatures vanquished.

Notes
Turn   | Place    | Note
-------+----------+-------------------------------------------
     0 | D:1      | Ishchenko the Human Berserker began the quest for the Orb.
     0 | D:1      | Reached XP level 1. HP: 18/18 MP: 1/1
    83 | D:1      | Reached XP level 2. HP: 22/24 MP: 2/2
   788 | D:1      | Reached XP level 3. HP: 28/29 MP: 3/3
   897 | D:2      | Reached XP level 4. HP: 14/35 MP: 4/4
  1211 | D:2      | Noticed a moth of wrath
  1211 | D:2      | Noticed Jessica
  1214 | D:2      | Killed Jessica
  1214 | D:2      | Reached skill level 4 in Long Blades
  1215 | D:2      | Found a bloodstained altar of Trog.
  1227 | D:2      | Slain by a worm

Illustrated notes

Levels and vault maps discovered:
D:1:      wheals_arrival_shading, layout_basic
D:2:      lemuel_upstairs_altar, layout_rooms, tgw_trog, wad_orctagon,
          uniq_jessica

Skill      XL: |  1  2  3  4 |
---------------+-------------+-----
Long Blades    | 4 |  4.2
Fighting       | |  3.6
Armour         | |  2.2
Dodging        | |  2.4

Action                   |  1- 3 |  4- 6 || total
-------------------------+-------+-------++-------
Melee: Falchion          |    55 |    10 ||    65
  Use: Scroll            |     4 |       ||     4
Armor: Animal skin       |     7 |       ||     7
       Ring mail         |    10 |       ||    10
       Scale mail        |       |     2 ||     2
Dodge: Dodged            |    50 |     7 ||    57
Block: Other             |       |     2 ||     2
       Rpst.: Falchion   |    16 |     3 ||    19

Table legend: (Time is in decaauts)
 A = Elapsed time spent in this place.
 B = Non-inter-level travel time spent in this place.
 C = Inter-level travel time spent in this place.
 D = Time resting spent in this place.
 E = Time spent auto-exploring this place.
 F = Levels seen in this place.
 G = Mean time per level.
                   A        B        C        D        E       F      G
               +--------+--------+--------+--------+--------+-----+--------+
         Total |   1236 |   1220 |     16 |    451 |    535 |   2 |  618.0 |
       Dungeon |   1236 |   1220 |     16 |    451 |    535 |   2 |  618.0 |
               +--------+--------+--------+--------+--------+-----+--------+

Top non-repeatable levels by time:
     D:1: 855 daAuts
     D:2: 380 daAuts
